 Dungeon Crawl Stone Soup version 0.28.0 (webtiles) character file.

Game seed: 17848341252009706590

14 zeram the Ducker (level 2, -1/16 HPs)
             Began as a Spriggan Fighter on Feb 5, 2022.
             Slain by a ball python (2 damage)
             ... on level 1 of the Dungeon.
             The game lasted 00:00:32 (349 turns).

zeram the Ducker (Spriggan Fighter)                  Turns: 349, Time: 00:00:32

Health: -1/16      AC:  2    Str: 12    XL:     2   Next: 31%
Magic:  3/3        EV: 14    Int:  9    God:
Gold:   0          SH:  6    Dex: 14    Spells: 1/1 levels left

rFire   . . .      SeeInvis +   a - +0 rapier
rCold   . . .      Faith    .   c - +0 buckler
rNeg    . . .      Spirit   .   b - +0 robe
rPois   .          Reflect  .   (helmet restricted)
rElec   .          Harm     .   (no cloak)
rCorr   .          Rampage  .   (gloves unavailable)
Will    .....                   (boots unavailable)
Stlth   +.........              (no amulet)
HPRegen 0.05/turn               (no ring)
MPRegen 0.08/turn               (no ring)

@: constricted, very quick
A: very small, no large weapons, unfitting armour, see invisible, speed 3
a: no special abilities


You were on level 1 of the Dungeon.
You visited 1 branch of the dungeon, and saw 1 of its levels.

Inventory:

Hand Weapons
 a - a +0 rapier (weapon)
Armour
 b - a +0 robe (worn)
 c - a +0 buckler (worn)
Scrolls
 f - a scroll of blinking {unknown}
 i - a scroll of magic mapping {unknown}
Potions
 d - a potion of might
 e - a potion of lignification {unknown}
 g - a potion of heal wounds {unknown}
 h - a potion of mutation {unknown}
 j - 2 potions of ambrosia {unknown}


   Skills:
 - Level 2.4 Fighting
 + Level 2.4 Short Blades
 + Level 4.5 Dodging
 + Level 2.4 Shields


You had one spell level left.
You didn't know any spells.
Your spell library was empty.

Dungeon Overview and Level Annotations

Branches:
Dungeon (1/15)

Altars:


Innate Abilities, Weirdness & Mutations

You are very small and have problems with some larger weapons.
You are too small for most types of armour.
You have supernaturally acute eyesight. (SInv)
You cover ground extremely quickly. (Speed+++)


Message History

The ball python closely misses you. You block the ball python's attack.
You barely miss the dart slug.
The dart slug is heavily wounded.
You block the ball python's attack. The ball python closely misses you.
You block the dart slug's attack.
You hit the dart slug.
The dart slug is heavily wounded.
The ball python bites you. The ball python closely misses you.
You block the dart slug's attack.
The ball python bites you but does no damage.
The ball python grabs you. The ball python constricts you.
You closely miss the ball python. The ball python bites you.
The ball python constricts you. The dart slug closely misses you.
You barely miss the ball python. The ball python barely misses you.
The ball python constricts you. The dart slug launches a dart at you.
The slug dart hits you. The ball python misses you.
The ball python constricts you.
You barely miss the ball python. The ball python completely misses you.
The ball python constricts you. The dart slug closely misses you.
You completely miss the ball python. The ball python bites you.
The ball python constricts you.
You are too injured to fight recklessly!
You are too injured to fight recklessly!
Unknown command.
You barely miss the ball python. The ball python bites you.
The ball python constricts you. The dart slug launches a dart at you.
The slug dart hits you.
* * * LOW HITPOINT WARNING * * *
The ball python misses you. The ball python constricts you.
You barely miss the ball python. The ball python closely misses you.
The ball python constricts you.
* * * LOW HITPOINT WARNING * * *
The dart slug launches a dart at you. The slug dart misses you.
You puncture the dart slug!
You kill the dart slug!
The ball python bites you.
You die...

♣....(.>..............
♣........#####.....†...
♣.......................
♣..........##.##........
#..........##.#####.....
....(.........#####.....
.....#.....#P...........
###.....)..#≈P..........
......)@...#≈≈P.........
##....S###.#≈≈≈P.......P
#..... #.#≈≈≈≈P.....P≈
#..... #.#≈≈≈≈≈P.<.P≈≈
##.... #.#≈≈≈≈P.....P≈
...... #.#≈≈≈P.......P
.$..... .#≈≈P.........
....... ≈P..........
P...........


You could see a ball python.

Vanquished Creatures
  A dart slug (D:1)
  A bat (D:1)
  5 goblins (D:1)
  2 hobgoblins (D:1)
  A frilled lizard (D:1)
  5 rats (D:1)
15 creatures vanquished.

Vanquished Creatures (others)
  A plant (D:1)
1 creature vanquished.

Grand Total: 16 creatures vanquished

Notes
Turn   | Place    | Note
-------+----------+-------------------------------------------
     0 | D:1      | zeram the Spriggan Fighter began the quest for the Orb.
     0 | D:1      | Reached XP level 1. HP: 11/11 MP: 2/2
   204 | D:1      | Reached XP level 2. HP: 16/16 MP: 3/3
   349 | D:1      | Slain by a ball python

Illustrated notes

Levels and vault maps discovered:
D:1:      eino_arrival_druids_welcome, layout_basic, serial_bayou_crossing

Action                   || total
-------------------------++-------
Melee: Rapier            ||    47
 Stab: Sleeping          ||     1
Armor: Robe              ||     5
Dodge: Dodged            ||    43
Block: Buckler           ||    16
